Map: Ley Lines

Players

eGGz - Winner!

  • Race: Zerg Zerg
  • League: Grandmaster
  • Spawn Location: 1:00

llllllllllll

  • Race: Terran Terran
  • League: Master
  • Spawn Location: 7:00

VOD

Have the link to the VOD?

Description

Time

  • Played on: Sept. 26, 2025, 4:36 p.m.
  • Length: 9:10
Show
View Real Time Build Order
Export as new Build Order

eGGz Zerg - Winner!

Build Orders: Hatch First 

Get SALT Encoding   

  12  0:04  Drone  
  13  0:14  Overlord  
  13  0:17  Drone  
  14  0:33  Drone x2  
  16  0:48  Hatchery  
  15  0:50  Drone  
  16  0:57  Drone  
  16  1:01  Drone, Extractor  
  17  1:14  Spawning Pool  
  17  1:18  Drone  
  17  1:19  Drone  
  18  1:31  Drone  
  19  1:41  Drone  
  20  1:54  Hatchery  
  19  2:01  Queen  
  19  2:02  Zergling x2  
  19  2:04  Zergling x2  
  23  2:10  Metabolic Boost  
  23  2:21  Queen  
  25  2:27  Overlord  
  25  2:35  Drone x2  
  25  2:36  Drone  
  28  2:46  Drone x3  
  28  2:48  Drone  
  32  2:57  Overlord  
  32  3:00  Queen  
  34  3:10  Drone  
  34  3:11  Queen  
  34  3:12  Drone  
  38  3:17  Drone x2  
  38  3:18  Drone  
  41  3:21  Drone  
  41  3:22  Drone  
  43  3:28  Spore Crawler  
  43  3:32  Drone x2  
  44  3:34  Drone  
  44  3:35  Drone  
  44  3:37  Drone x2  
  44  3:40  Overlord  
  49  3:45  Zergling x2  
  50  3:51  Overlord  
  50  3:53  Overlord  
  50  3:56  Overlord  
  50  4:09  Queen  
  52  4:10  Drone  
  52  4:11  Drone x5  
  52  4:12  Drone  
  52  4:13  Drone x2  
  52  4:14  Spore Crawler  
  52  4:16  Drone, Spore Crawler  
  52  4:17  Drone  
  61  4:18  Drone  
  61  4:21  Overlord  
  62  4:24  Overlord  
  62  4:29  Zergling x2  
  62  4:30  Zergling x6  
  66  4:36  Queen  
  68  4:40  Evolution Chamber  
  68  4:41  Drone  
  68  4:42  Evolution Chamber, Drone  
  68  4:43  Drone  
  68  4:44  Drone  
  70  4:51  Queen  
  72  4:53  Drone x2, Spore Crawler  
  72  4:58  Zergling x2  
  72  4:59  Zergling x8  
  78  5:03  Zergling x2  
  78  5:04  Zergling x6  
  82  5:07  Zerg Ground Armor Level 1  
  82  5:09  Zergling x2  
  82  5:11  Zergling x6  
  77  5:24  Overlord  
  77  5:26  Zerg Melee Weapons Level 1, Drone x6, Extractor x2  
  80  5:29  Overlord  
  80  5:31  Overlord  
  80  5:38  Overlord  
  80  5:40  Overlord  
  80  5:42  Hatchery  
  80  5:48  Hatchery  
  74  5:53  Lair  
  74  5:56  Overlord  
  74  5:57  Drone x3  
  76  5:58  Drone x2  
  79  6:09  Drone x2  
  79  6:10  Baneling Nest, Zergling x10  
  85  6:20  Zergling x2  
  85  6:27  Zergling x4  
  87  6:35  Zergling x6  
  87  6:36  Zergling x12  
  96  6:43  Zergling x2  
  96  6:44  Zergling x6  
  100  6:50  Zergling x4  
  100  6:53  Baneling  
  100  6:54  Baneling x15  
  101  6:57  Zergling x4  
  101  6:59  Queen  
  101  7:00  Queen  
  107  7:02  Overlord, Hatchery  
  107  7:03  Zergling x8  
  107  7:05  Centrifugal Hooks  
  107  7:06  Zergling x6  
  107  7:08  Zergling x4  
  115  7:12  Zergling x8  
  110  7:26  Zergling x10  
  99  7:30  Zergling x2  
  99  7:31  Zergling x8  
  101  7:37  Baneling x3  
  101  7:38  Zergling x18  
  101  7:42  Zergling x8  
  111  7:56  Zergling x14  
  118  8:02  Baneling  
  118  8:03  Zergling x18  
  122  8:18  Zergling x24  
  132  8:23  Infestation Pit, Extractor  
  132  8:26  Baneling x4  
  129  8:29  Zergling x14  
  129  8:33  Spore Crawler  
  133  8:34  Drone x2  
  133  8:36  Baneling x3  
  133  8:38  Drone x3  
  133  8:39  Drone x2  
  140  8:42  Drone x2  
  140  8:45  Baneling x4  
  140  8:47  Drone  
  140  8:48  Drone x2  
Show
View Real Time Build Order
Export as new Build Order

llllllllllll Terran 

Build Orders: Reaper Expand 

Get SALT Encoding   

  12  0:00  SCV  
  13  0:12  SCV  
  14  0:17  Supply Depot  
  14  0:24  SCV  
  15  0:39  Barracks, SCV  
  16  0:44  Refinery  
  16  0:51  SCV  
  17  1:03  SCV  
  18  1:15  SCV  
  19  1:27  Orbital Command  
  19  1:28  Reaper  
  20  1:38  Command Center  
  20  1:49  Barracks  
  20  1:53  SCV  
  21  2:00  Barracks Reactor  
  21  2:05  SCV  
  21  2:08  Supply Depot  
  22  2:13  Refinery  
  22  2:17  SCV  
  24  2:30  SCV  
  24  2:37  Barracks Tech Lab  
  24  2:38  Factory  
  24  2:40  Marine x2  
  24  2:42  SCV  
  27  2:57  Stimpack  
  27  2:58  Marine x2  
  27  2:59  Orbital Command, SCV  
  30  3:07  Marine  
  30  3:11  SCV  
  32  3:16  Marine x2  
  34  3:22  Supply Depot  
  34  3:26  Starport  
  34  3:27  Factory Reactor  
  34  3:28  SCV  
  34  3:33  SCV  
  36  3:36  Marine x3  
  38  3:43  SCV  
  38  3:46  SCV  
  38  3:47  Supply Depot  
  40  3:55  SCV  
  40  3:58  Marine x3, SCV  
  45  4:08  SCV  
  46  4:10  SCV  
  46  4:15  Medivac x2  
  46  4:16  Refinery  
  51  4:18  Engineering Bay  
  51  4:19  Supply Depot  
  51  4:20  SCV  
  51  4:22  Marine, SCV  
  51  4:24  Marine  
  55  4:25  Marine  
  55  4:29  Supply Depot  
  56  4:32  SCV  
  56  4:34  Factory Tech Lab, SCV  
  56  4:37  Combat Shield  
  58  4:43  Marine x2  
  58  4:44  Marine  
  58  4:45  SCV  
  62  4:52  Terran Infantry Weapons Level 1  
  62  4:57  SCV x2  
  62  4:58  Starport Reactor  
  64  5:00  Refinery  
  64  5:01  Marine x2  
  64  5:02  Barracks  
  66  5:07  Siege Tank  
  67  5:24  SCV x2  
  68  5:28  Marine  
  68  5:29  Marine x2  
  71  5:37  Barracks, SCV x2  
  71  5:38  Barracks  
  71  5:39  Siege Tank  
  70  5:51  SCV x2  
  70  5:53  Marine  
  70  5:54  Marine x4  
  77  6:01  Supply Depot  
  77  6:02  Supply Depot  
  77  6:03  SCV  
  78  6:08  Supply Depot  
  78  6:10  Medivac x2, SCV  
  83  6:13  Siege Tank  
  86  6:23  Marine x5  
  91  6:29  Marine x2  
  93  6:39  Supply Depot  
  93  6:40  Marine x3  
  93  6:41  Marine, Medivac x2  
  93  6:42  Marine  
  93  6:47  Marine  
  102  6:51  Marine  
  104  6:58  Marine x3, Supply Depot  
  104  6:59  Supply Depot  
  107  7:03  Siege Tank  
  107  7:06  Terran Infantry Armor Level 1  
  107  7:08  Marine  
  111  7:19  Marine  
  111  7:20  Marine  
  97  7:27  Marine x2  
  97  7:28  Marine x2  
  87  7:30  Marine  
  87  7:36  Siege Tank  
  87  7:37  Liberator, Marine x2  
  86  7:39  Liberator  
  94  7:45  Marine  
  95  7:53  Marine x3  
  95  7:54  Marine  
  95  7:55  Marine x2  
  99  8:03  Marine  
  100  8:11  Marine x4  
  102  8:16  Marine  
  102  8:17  Marine  
  92  8:21  Marine  
  93  8:33  Marine x4  
  91  8:34  Marine, Siege Tank  
  91  8:35  Marine  
  102  8:45  Marine  
Tags
 
Add a new tag
Caveats
  • Supply blocks, unpowered buildings, or Contaminate may cause inaccurate times.
  • Supply counts are checked every 10 seconds.